TOP OF THE 1ST |
Detroit X-Wings batting - Pitching for Birmingham Barons : LHP Gonzalo Martínez
|
Pitching: LHP Gonzalo Martínez
|
|
Batting: LHB Craig Kenney
|
0-0: Ball 1-0: Ball 2-0: Swinging Strike 2-1: Foul Ball, location: 2F 2-2: Ball 3-2: Foul Ball, location: 2F 3-2: Strikes out swinging
|
Batting: RHB Gary Witt
|
0-0: Called Strike 0-1: Ball 1-1: SINGLE (Flyball, 9S)
|
Batting: RHB Yoshihide Takahashi
|
0-0: Ball 1-0: Foul Ball, location: 2F 1-1: Called Strike 1-2: Grounds into double play, 6-4-3 (Groundball, 6)
|
Top of the 1st over - 0 run(s), 1 hit(s), 0 error(s), 0 left on base; Detroit 0 - Birmingham 0 |
BOTTOM OF THE 1ST |
Birmingham Barons batting - Pitching for Detroit X-Wings : LHP Javier Duarte
|
Pitching: LHP Javier Duarte
|
|
Batting: RHB Warren Martin
|
0-0: Ball 1-0: Ball 2-0: Foul Ball, location: 2F 2-1: Ball 3-1: Called Strike 3-2: Fly out, F9 (Flyball, 9S)
|
Batting: LHB John Haney
|
0-0: Fly out, F9 (Flyball, 9LM)
|
Batting: RHB Todd Rogers
|
0-0: Called Strike 0-1: Called Strike 0-2: Foul Ball, location: 2F 0-2: Foul Ball, location: 2F 0-2: Fly out, F8 (Flyball, 8LD)
|
Bottom of the 1st over - 0 run(s), 0 hit(s), 0 error(s), 0 left on base; Detroit 0 - Birmingham 0 |
TOP OF THE 2ND |
Detroit X-Wings batting - Pitching for Birmingham Barons : LHP Gonzalo Martínez
|
Batting: RHB Júlio Negrón
|
0-0: Called Strike 0-1: Ball 1-1: Ball 2-1: Called Strike 2-2: Foul Ball, location: 2F 2-2: Strikes out swinging
|
Batting: LHB Juan Jose Pineda
|
0-0: Ball 1-0: Ball 2-0: SINGLE (Groundball, 34D)
|
Batting: RHB Keith Sims
|
0-0: Ball 1-0: Ball 2-0: Ball 3-0: Called Strike 3-1: SINGLE (Groundball, 6MD) Juan Jose Pineda to second Runner from 2nd tries for 3rd, SAFE, no throw
|
Batting: LHB Chris Loudermilk
|
0-0: Ball 1-0: SINGLE (Groundball, 6D) Juan Jose Pineda scores Keith Sims to second
|
Batting: RHB Jorge Castillo
|
0-0: Ball
|
|
|
|
1-0: Ground out 6-3 (Groundball, 6MS) Keith Sims to third Chris Loudermilk to second
|
Batting: RHB Vincente Encarnación
|
0-0: Ball 1-0: Called Strike 1-1: Swinging Strike 1-2: Ball 2-2: Fly out, F9 (Flyball, 9LS)
|
Top of the 2nd over - 1 run(s), 3 hit(s), 0 error(s), 2 left on base; Detroit 1 - Birmingham 0 |
BOTTOM OF THE 2ND |
Birmingham Barons batting - Pitching for Detroit X-Wings : LHP Javier Duarte
|
Batting: RHB Jean-Paul St-Pierre
|
0-0: DOUBLE (Line Drive, 9LM)
|
Batting: RHB Vicente Carona
|
0-0: Ball 1-0: Ball 2-0: Ball 3-0: Called Strike 3-1: Base on Balls
|
Batting: RHB Dave Dawson
|
0-0: Ball 1-0: Called Strike 1-1: SINGLE (Line Drive, 89S) Jean-Paul St-Pierre to third Vicente Carona to second
|
Batting: LHB Al Gaines
|
0-0: Called Strike 0-1: Ball 1-1: Ball 2-1: GRAND SLAM HOME RUN (Flyball, 7LD), Distance : 355 ft
|
Batting: LHB Marc May
|
0-0: Ball 1-0: Ball 2-0: Foul Ball, location: 2F 2-1: Ball 3-1: Called Strike 3-2: Strikes out swinging
|
Batting: RHB Vicente Elías
|
0-0: DOUBLE (Line Drive, 78D)
|
Batting: RHB Warren Martin
|
0-0: Foul Ball, location: 2F 0-1: Ball Wild Pitch! Vicente Elías to third 1-1: SINGLE (Line Drive, 7S) Vicente Elías scores
|
Batting: LHB John Haney
|
0-0: Fly out, F3 (Popup, 34)
|
Batting: RHB Todd Rogers
|
0-0: Called Strike 0-1: Called Strike Warren Martin steals 2nd base 0-2: SINGLE (Groundball, 5D) Warren Martin to third Runner from 3rd tries for Home, SAFE, no throw
|
Batting: RHB Jean-Paul St-Pierre
|
0-0: Fly out, F9 (Flyball, 9LMF)
|
Bottom of the 2nd over - 6 run(s), 6 hit(s), 0 error(s), 1 left on base; Detroit 1 - Birmingham 6 |
TOP OF THE 3RD |
Detroit X-Wings batting - Pitching for Birmingham Barons : LHP Gonzalo Martínez
|
Batting: LHB Craig Kenney
|
0-0: Ball 1-0: Ball 2-0: Foul Ball, location: 2F 2-1: Ground out 3-1 (Groundball, 34)
|
Batting: RHB Gary Witt
|
0-0: Swinging Strike 0-1: Called Strike 0-2: Ball 1-2: Ball 2-2: Ball 3-2: Fly out, F8 (Line Drive, 8LM)
|
Batting: RHB Yoshihide Takahashi
|
0-0: Ball 1-0: Ball 2-0: Ball 3-0: Called Strike 3-1: DOUBLE (Line Drive, 78D)
|
Batting: RHB Júlio Negrón
|
0-0: Ball 1-0: Foul Ball, location: 2F 1-1: Foul Ball, location: 2F 1-2: Ball 2-2: Foul Ball, location: 2F 2-2: Strikes out swinging
|
Top of the 3rd over - 0 run(s), 1 hit(s), 0 error(s), 1 left on base; Detroit 1 - Birmingham 6 |
BOTTOM OF THE 3RD |
Birmingham Barons batting - Pitching for Detroit X-Wings : LHP Javier Duarte
|
Batting: RHB Vicente Carona
|
0-0: Ball 1-0: Reached on error, E2 (Groundball, 15S)
|
Batting: RHB Dave Dawson
|
0-0: Swinging Strike 0-1: Foul Ball, location: 2F 0-2: Ball 1-2: Fly out, F9 (Flyball, 9S)
|
Batting: LHB Al Gaines
|
0-0: Called Strike 0-1: Called Strike 0-2: Ball 1-2: SINGLE (Groundball, 4MD) Vicente Carona to third Runner from 3rd tries for Home, SAFE, throw made home Al Gaines to second
|
Batting: LHB Marc May
|
0-0: Foul Ball, location: 2F 0-1: Ball 1-1: Foul Ball, location: 2F 1-2: Ground out 3-1 (Groundball, 34) Al Gaines to third
|
Batting: RHB Vicente Elías
|
0-0: Ball 1-0: Called Strike 1-1: Ball Steal of home, Al Gaines is out
|
Bottom of the 3rd over - 1 run(s), 1 hit(s), 1 error(s), 0 left on base; Detroit 1 - Birmingham 7 |
TOP OF THE 4TH |
Detroit X-Wings batting - Pitching for Birmingham Barons : LHP Gonzalo Martínez
|
Batting: LHB Juan Jose Pineda
|
0-0: Called Strike 0-1: Ball 1-1: Ball 2-1: Ball 3-1: Foul Ball, location: 2F 3-2: Base on Balls
|
Batting: RHB Keith Sims
|
0-0: Ball 1-0: Fly out, F7 (Flyball, 7LS)
|
Batting: LHB Chris Loudermilk
|
0-0: Ball 1-0: Ball 2-0: Foul Ball, location: 2F 2-1: Ball Juan Jose Pineda steals 2nd base 3-1: Fly out, F9 (Flyball, 9LS)
|
Batting: RHB Jorge Castillo
|
0-0: SINGLE (Groundball, 56D) Juan Jose Pineda to third Runner from 3rd tries for Home, SAFE, no throw
|
Batting: RHB Vincente Encarnación
|
0-0: Ball 1-0: Ball 2-0: Swinging Strike 2-1: Fly out, F1 (Line Drive, 13)
|
Top of the 4th over - 1 run(s), 1 hit(s), 0 error(s), 1 left on base; Detroit 2 - Birmingham 7 |
BOTTOM OF THE 4TH |
Birmingham Barons batting - Pitching for Detroit X-Wings : LHP Javier Duarte
|
Batting: RHB Vicente Elías
|
0-0: Ball 1-0: Swinging Strike 1-1: Ball 2-1: Called Strike 2-2: SINGLE (Flyball, 8RS)
|
Batting: RHB Warren Martin
|
0-0: Ground out 5-3 (Groundball, 56S) Vicente Elías to second
|
Batting: LHB John Haney
|
0-0: Called Strike Vicente Elías is caught stealing 3rd base 0-1: Ball 1-1: SINGLE (Groundball, 4S) (infield hit)
|
Batting: RHB Todd Rogers
|
0-0: Ball 1-0: Ball 2-0: Foul Ball, location: 2F 2-1: SINGLE (Groundball, 5S) (infield hit) John Haney to second
|
Batting: RHB Jean-Paul St-Pierre
|
0-0: Called Strike 0-1: Ball Todd Rogers is caught stealing 2nd base
|
Bottom of the 4th over - 0 run(s), 3 hit(s), 0 error(s), 0 left on base; Detroit 2 - Birmingham 7 |
TOP OF THE 5TH |
Detroit X-Wings batting - Pitching for Birmingham Barons : LHP Gonzalo Martínez
|
Batting: LHB Craig Kenney
|
0-0: Called Strike 0-1: Foul Ball, location: 2F 0-2: Foul Ball, location: 2F 0-2: Strikes out swinging
|
Batting: RHB Gary Witt
|
0-0: Ball 1-0: Foul Ball, location: 2F 1-1: Swinging Strike 1-2: Foul Ball, location: 2F 1-2: Strikes out swinging
|
Batting: RHB Yoshihide Takahashi
|
0-0: Called Strike 0-1: Ground out 6-3 (Groundball, 56)
|
Top of the 5th over - 0 run(s), 0 hit(s), 0 error(s), 0 left on base; Detroit 2 - Birmingham 7 |
BOTTOM OF THE 5TH |
Birmingham Barons batting - Pitching for Detroit X-Wings : LHP Javier Duarte
|
Pitching: RHP Domingo Rodríguez
|
|
Batting: RHB Jean-Paul St-Pierre
|
0-0: Foul Ball, location: 2F 0-1: Ball 1-1: Swinging Strike 1-2: Strikes out looking
|
Batting: RHB Vicente Carona
|
0-0: Ball 1-0: SOLO HOME RUN (Flyball, 7D), Distance : 348 ft
|
Batting: RHB Dave Dawson
|
0-0: Called Strike 0-1: Swinging Strike 0-2: Foul Ball, location: 2F 0-2: Ball 1-2: Foul Ball, location: 2F 1-2: Reached on error, E5 (Groundball, 56)
|
Batting: LHB Al Gaines
|
0-0: Called Strike 0-1: SINGLE (Groundball, 4MD) Dave Dawson to second
|
Batting: LHB Marc May
|
0-0: Grounds into double play, 3-6-1 (Groundball, 3)
|
Bottom of the 5th over - 1 run(s), 2 hit(s), 1 error(s), 1 left on base; Detroit 2 - Birmingham 8 |
TOP OF THE 6TH |
Detroit X-Wings batting - Pitching for Birmingham Barons : LHP Gonzalo Martínez
|
Batting: RHB Júlio Negrón
|
0-0: Ball 1-0: Ball 2-0: Called Strike 2-1: Swinging Strike 2-2: Ball 3-2: Base on Balls
|
Batting: LHB Juan Jose Pineda
|
0-0: Ball 1-0: Swinging Strike 1-1: Foul Ball, location: 2F 1-2: Ball 2-2: Strikes out swinging
|
Batting: RHB Keith Sims
|
0-0: Ball 1-0: Ball 2-0: Called Strike 2-1: Ball 3-1: Fielders Choice at 2nd, 6-4 (Groundball, 6)
|
Pitching: RHP César Morín
|
|
Batting: LHB Chris Loudermilk
|
0-0: Called Strike 0-1: Fly out, F7 (Flyball, 7)
|
Top of the 6th over - 0 run(s), 0 hit(s), 0 error(s), 1 left on base; Detroit 2 - Birmingham 8 |
BOTTOM OF THE 6TH |
Birmingham Barons batting - Pitching for Detroit X-Wings : RHP Domingo Rodríguez
|
Batting: RHB Vicente Elías
|
0-0: Ball 1-0: Ball 2-0: Ball 3-0: Called Strike 3-1: Called Strike 3-2: Foul Ball, location: 2F 3-2: Ground out 5-3 (Groundball, 56)
|
Batting: RHB Warren Martin
|
0-0: Ball 1-0: Swinging Strike 1-1: Ball 2-1: Called Strike 2-2: Foul Ball, location: 2F 2-2: Foul Ball, location: 2F 2-2: Foul Ball, location: 2F 2-2: Fly out, F4 (Popup, 4MD)
|
Batting: LHB John Haney
|
0-0: Called Strike 0-1: Ball 1-1: Ball 2-1: SINGLE (Groundball, 4MD)
|
Batting: RHB Todd Rogers
|
0-0: Called Strike 0-1: Swinging Strike 0-2: Strikes out swinging
|
Bottom of the 6th over - 0 run(s), 1 hit(s), 0 error(s), 1 left on base; Detroit 2 - Birmingham 8 |
TOP OF THE 7TH |
Detroit X-Wings batting - Pitching for Birmingham Barons : RHP César Morín
|
Batting: RHB Jorge Castillo
|
0-0: Foul Ball, location: 2F 0-1: Swinging Strike 0-2: Strikes out looking
|
Batting: RHB Vincente Encarnación
|
0-0: Ball 1-0: Ground out 6-3 (Groundball, 56)
|
Batting: LHB Craig Kenney
|
0-0: Ball 1-0: Called Strike 1-1: Foul Ball, location: 2F 1-2: Strikes out looking
|
Top of the 7th over - 0 run(s), 0 hit(s), 0 error(s), 0 left on base; Detroit 2 - Birmingham 8 |
BOTTOM OF THE 7TH |
Birmingham Barons batting - Pitching for Detroit X-Wings : RHP Domingo Rodríguez
|
Pitching: LHP Richard Dorris
|
|
Batting: RHB Jean-Paul St-Pierre
|
0-0: Ball 1-0: Ball 2-0: Called Strike 2-1: Called Strike 2-2: Foul Ball, location: 2F 2-2: Strikes out looking
|
Batting: RHB Vicente Carona
|
0-0: SINGLE (Groundball, 56) (infield hit)
|
Batting: RHB Dave Dawson
|
0-0: Called Strike 0-1: Ball 1-1: Fly out, F4 (Line Drive, 4M)
|
Batting: LHB Al Gaines
|
0-0: Called Strike 0-1: Fielders Choice at 2nd, 4-6 (Groundball, 4)
|
Bottom of the 7th over - 0 run(s), 1 hit(s), 0 error(s), 0 left on base; Detroit 2 - Birmingham 8 |
TOP OF THE 8TH |
Detroit X-Wings batting - Pitching for Birmingham Barons : RHP César Morín
|
Batting: RHB Gary Witt
|
0-0: Ball 1-0: Called Strike 1-1: Foul Ball, location: 2F 1-2: Foul Ball, location: 2F 1-2: Foul Ball, location: 2F 1-2: Foul Ball, location: 2F 1-2: Ball 2-2: Strikes out looking
|
Batting: RHB Yoshihide Takahashi
|
0-0: Ball 1-0: Swinging Strike 1-1: Foul Ball, location: 2F 1-2: Ball 2-2: Foul Ball, location: 2F 2-2: Foul Ball, location: 2F 2-2: Strikes out swinging
|
Batting: RHB Júlio Negrón
|
0-0: Called Strike 0-1: Ball 1-1: Ground out 5-3 (Groundball, 5)
|
Top of the 8th over - 0 run(s), 0 hit(s), 0 error(s), 0 left on base; Detroit 2 - Birmingham 8 |
BOTTOM OF THE 8TH |
Birmingham Barons batting - Pitching for Detroit X-Wings : LHP Richard Dorris
|
Batting: LHB Marc May
|
0-0: DOUBLE (Groundball, 5L)
|
Batting: RHB Vicente Elías
|
0-0: Foul Ball, location: 2F 0-1: Swinging Strike 0-2: Foul Ball, location: 2F 0-2: Strikes out swinging wild pitch, reaches first! Marc May to third
|
Batting: RHB Warren Martin
|
0-0: 3-RUN HOME RUN (Flyball, 7D), Distance : 347 ft
|
Pitching: RHP Lance Sanders
|
|
Batting: LHB John Haney
|
0-0: Ball 1-0: Ball 2-0: Ball 3-0: Called Strike 3-1: Base on Balls
|
Batting: RHB Todd Rogers
|
0-0: Called Strike 0-1: Ball 1-1: Ball 2-1: SINGLE (Groundball, 34D) John Haney to second Runner from 2nd tries for 3rd, SAFE, no throw
|
Pinch Hitting: LHB Lee Reeves
|
0-0: Called Strike 0-1: Fly out, F7 (Flyball, 7) Runner from 3rd tags up, SCORES, no throw
|
Batting: RHB Vicente Carona
|
Pickoff Throw to First - Out! 0-0: SINGLE (Groundball, 6MD)
|
Batting: RHB Dave Dawson
|
0-0: Called Strike 0-1: Ball 1-1: Foul Ball, location: 2F 1-2: Strikes out swinging
|
Bottom of the 8th over - 4 run(s), 4 hit(s), 0 error(s), 1 left on base; Detroit 2 - Birmingham 12 |
TOP OF THE 9TH |
Detroit X-Wings batting - Pitching for Birmingham Barons : RHP César Morín
|
Now at 3B: Juan Jiménez
|
|
Now in LF: Pete Smith
|
|
Batting: LHB Juan Jose Pineda
|
0-0: Swinging Strike 0-1: Swinging Strike 0-2: Strikes out swinging
|
Batting: RHB Keith Sims
|
0-0: Ground out 5-3 (Groundball, 56)
|
Batting: LHB Chris Loudermilk
|
0-0: Ball 1-0: Called Strike 1-1: Foul Ball, location: 2F 1-2: Ball 2-2: Strikes out swinging, 2-3 out at first.
|
Top of the 9th over - 0 run(s), 0 hit(s), 0 error(s), 0 left on base; Detroit 2 - Birmingham 12 |
|
Thursday, March 30th, 2017 - OOTP Baseball 17.12 Build 75
|
|